 Dungeon Crawl Stone Soup version 0.19-a0-488-gf8766cc (webtiles) character file.

103 Delvonshi the Insei (level 4, 0/23 HPs)
             Began as a Vine Stalker Transmuter on June 4, 2016.
             Was an Initiate of Sif Muna.
             Slain by Crazy Yiuf
             ... wielding a +3 quarterstaff of chaos
              (3 damage)
             ... on level 2 of the Dungeon.
             The game lasted 00:07:06 (1728 turns).

Delvonshi the Insei (Vine Stalker Transmuter)       Turns: 1728, Time: 00:07:06

Health: 0/23       AC:  3    Str: 12    XL:     4   Next: 79%
Magic:  0/8        EV: 12    Int: 14    God:    Sif Muna [......]
Gold:   135        SH:  0    Dex: 15    Spells: 2 memorised, 4 levels left

rFire  + . .     SeeInvis .       - Unarmed
rCold  . . .     Gourm    .     n - +0 leather armour {rF+}
rNeg   . . .     Faith    .     (no shield)
rPois  .         Spirit   +     (no helmet)
rElec  .         Dismiss  .     (no cloak)
rCorr  .         Reflect  .     (no gloves)
SustAt .         Harm     .     (no boots)
MR     .....                    (no amulet)
Stlth  +.........               (no ring)
                                (no ring)

@: appendage (expiring), very slightly contaminated, slowed, very slow, not
resistant to hostile enchantments, very unstealthy
A: fangs 2, horns 2, regeneration 1, magic shield, antimagic bite, no device
heal 3, rot immunity
a: End Transformation, Renounce Religion


You were on level 2 of the Dungeon.
You worshipped Sif Muna.
Sif Muna was noncommittal.
You were not hungry.
You had grown temporary horns.
You visited 1 branch of the dungeon, and saw 2 of its levels.

You collected 135 gold pieces.

Inventory:

Missiles
 a - 49 arrows
Armour
 b - a +0 robe
 n - a +0 leather armour of fire resistance (worn)
Scrolls
 e - a scroll of random uselessness {unknown}
 f - a scroll of teleportation {unknown}
 i - a scroll of enchant armour {unknown}
 j - 3 scrolls of identify {unknown}
 k - 3 scrolls of blinking {unknown}
Potions
 g - 2 potions of curing {unknown}
 h - a potion of beneficial mutation {unknown}
 l - 2 potions of ambrosia {unknown}
 m - a potion of resistance {unknown}
Books
 c - a book of Changes

   Spells                             Type                      Level
   a - Beastly Appendage              Transmutation                1
   b - Sticks to Snakes               Transmutation                2
   c - Spider Form                    Transmutation/Poison         3
   d - Ice Form                       Ice/Transmutation            4
   e - Blade Hands                    Transmutation                5
Comestibles
 d - 3 bread rations
 o - a chunk of flesh


   Skills:
 + Level 2.2 Fighting
 - Level 1.5 Dodging
 + Level 4.0 Unarmed Combat
 - Level 2.1 Spellcasting
 + Level 3.1 Transmutations


You had 4 spell levels left.
You knew the following spells:

 Your Spells              Type           Power        Failure   Level  Hunger
a - Beastly Appendage     Tmut           ##....       10%         1    #......
b - Sticks to Snakes      Tmut           ##......     14%         2    ###....


Dungeon Overview and Level Annotations

Branches:
Dungeon (2/15)

Altars:
Gozag
Kikubaaqudgha
Sif Muna
Trog
Yredelemnul

Annotations:
D:2 Crazy Yiuf


Innate Abilities, Weirdness & Mutations

You have extremely sharp teeth.
Your natural rate of healing is unusually fast.
When hurt, damage is shared between your health and your magic reserves.
Your bite disrupts and absorbs the magic of your enemies.
Potions and wands cannot restore your health.
You are immune to rotting.
You have a pair of horns on your head.


Message History

Crazy Yiuf screams, "Fluff arm tea!"
Crazy Yiuf hits you with a quarterstaff of chaos!
You feel yourself slow down.
You barely miss Crazy Yiuf. Your punch misses Crazy Yiuf. You bite Crazy Yiuf.
You drain his power.
You feel invigorated.
Crazy Yiuf is moderately wounded.
Crazy Yiuf closely misses you.
You barely miss Crazy Yiuf.
You headbutt Crazy Yiuf, but do no damage.
You bite Crazy Yiuf. You drain his power.
You feel invigorated.
Crazy Yiuf is moderately wounded.
Crazy Yiuf hits you with a quarterstaff of chaos!
Ouch! That really hurt!
* * * LOW HITPOINT WARNING * * *
Crazy Yiuf burns you.
* * * LOW HITPOINT WARNING * * *
Crazy Yiuf laughs, "Gnoll!"
Crazy Yiuf closely misses you.
Crazy Yiuf hits you with a quarterstaff of chaos.
You die...

#...# #.# #...###
#.#
#.....####.######
###..........>.....
##.....#..###.#.....
#......##..#....####
#+..+#####....###
#....# #......#
##P@P# #####..##


#PPg# ##P...## ##.## #......# ##.# #......# #.## #.P....# # #.# ###....#.####
#.## #.....##..... #. #.....####..# .. #.....# #..## You could see Crazy Yiuf.

Vanquished Creatures
  Ijyb (D:2)
  A gnoll (D:1)
  2 adders (D:2)
  2 adder skeletons (D:2)
  A dart slug (D:1)
  A giant gecko (D:2)
  3 bat zombies (D:2)
  2 giant cockroaches (D:2)
  3 goblins
  8 hobgoblins
  2 jackals (D:1)
  6 bats
  2 giant newts
  3 kobolds
  3 rats (D:1)
40 creatures vanquished.

Vanquished Creatures (others)
  A fungus (D:2)
1 creature vanquished.

Grand Total: 41 creatures vanquished

Notes
Turn   | Place    | Note
--------------------------------------------------------------
     0 | D:1      | Delvonshi the Vine Stalker Transmuter began the quest for the Orb.
     0 | D:1      | Reached XP level 1. HP: 9/9 MP: 4/4
   164 | D:1      | Reached skill level 1 in Fighting
   164 | D:1      | Reached XP level 2. HP: 14/14 MP: 6/6
   447 | D:1      | Reached XP level 3. HP: 18/18 MP: 5/7
   464 | D:1      | Learned a level 2 spell: Sticks to Snakes
  1142 | D:2      | Reached XP level 4. HP: 15/23 MP: 5/8
  1216 | D:2      | Found a basalt altar of Yredelemnul.
  1401 | D:2      | Found a bloodstained altar of Trog.
  1421 | D:2      | Found a deep blue altar of Sif Muna.
  1422 | D:2      | Found an opulent altar of Gozag.
  1429 | D:2      | Became a worshipper of Sif Muna the Loreminder
  1491 | D:2      | Noticed Ijyb
  1499 | D:2      | Found an ancient bone altar of Kikubaaqudgha.
  1534 | D:2      | Killed Ijyb
  1534 | D:2      | Reached skill level 4 in Unarmed Combat
  1713 | D:2      | Noticed Crazy Yiuf
  1725 | D:2      | HP: 1/23 [Crazy Yiuf/quarterstaff of chaos (3)]
  1728 | D:2      | Slain by Crazy Yiuf

Vault maps used:
D:1:      kennysheep_arrival_seaside
D:2:      lemuel_crystal_altar, lemuel_round_altar, grunt_temple_overflow_open,
          first_bread, serial_undead, serial_undead_d, serial_undead_c,
          serial_undead_b, serial_undead_b, uniq_iyjb, uniq_crazy_yiuf_cottage

Skill      XL: |  1  2  3  4 |
---------------+-------------+-----
Fighting       | 1 2 |  2.2
Unarmed Combat | 4 |  4.0
Transmutations | 3 |  3.1
Dodging        | |  1.5
Spellcasting   | |  2.1

Action                   |  1- 3 |  4- 6 || total
-------------------------+-------+-------++-------
Melee: Unarmed           |    93 |    46 ||   139
       Bite              |    18 |    11 ||    29
       Headbutt          |     9 |     4 ||    13
       Kick              |     1 |     5 ||     6
 Cast: Beastly Appendage |     8 |     7 ||    15
       Sticks to Snakes  |       |     2 ||     2
 Stab: Sleeping          |     2 |       ||     2
  Eat: Chunk             |     1 |     2 ||     3
Armor: Robe              |    16 |    16 ||    32
       Leather armour    |       |     2 ||     2
Dodge: Dodged            |    69 |    49 ||   118
